TOP OF THE 1ST |
Chicago Cubs batting - Pitching for New York Mets : RHP Pete Redfern
|
Pitching: RHP Pete Redfern
|
|
Batting: RHB Gary Ward
|
0-0: Ground out 4-3 (Groundball, 34, EV 84.4 MPH)
|
Batting: RHB Lonnie Smith
|
0-0: SINGLE (Flyball, 89S, EV 83.8 MPH)
|
Batting: RHB Jim Rice
|
0-0: Ball Lonnie Smith steals 2nd base (no throw) 1-0: Foul Ball, location: 2F 1-1: Foul Ball, location: 2F 1-2: Fly out, F7 (Line Drive, 7, EV 89.4 MPH)
|
Batting: SHB Roy Smalley
|
0-0: Ball 1-0: Ball 2-0: Ball 3-0: Base on Balls
|
Batting: LHB Gerald Perry
|
0-0: Called Strike 0-1: SINGLE (Line Drive, 56D, EV 100.6 MPH) Lonnie Smith to third Roy Smalley to second Runner from 3rd tries for Home, SAFE, throw by LF to home
|
Batting: RHB Randy Ready
|
0-0: Swinging Strike 0-1: Foul Ball, location: 2F 0-2: Strikes out swinging
|
Top of the 1st over - 1 run, 2 hits, 0 errors, 2 left on base; Chicago 1 - New York 0 |
BOTTOM OF THE 1ST |
New York Mets batting - Pitching for Chicago Cubs : LHP Adrian Wolf
|
Pitching: LHP Adrian Wolf
|
|
Batting: RHB Ray Knight
|
0-0: Ball 1-0: Foul Ball, location: 2F 1-1: Called Strike 1-2: Ground out 4-3 (Groundball, 4M, EV 91.3 MPH)
|
Batting: LHB Lyman Bostock
|
0-0: Fly out, F5 (Popup, 5S, EV 73.1 MPH)
|
Batting: RHB Garry Maddox
|
0-0: Fly out, F2 (Popup, 2LF, EV 91.3 MPH)
|
Bottom of the 1st over - 0 runs, 0 hits, 0 errors, 0 left on base; Chicago 1 - New York 0 |
TOP OF THE 2ND |
Chicago Cubs batting - Pitching for New York Mets : RHP Pete Redfern
|
Batting: RHB Marty Castillo
|
0-0: Ball 1-0: Ball 2-0: Ball 3-0: Called Strike 3-1: Base on Balls
|
Batting: RHB Rick Cerone
|
0-0: Called Strike 0-1: Ball 1-1: Hit by Pitch Marty Castillo to second
|
Batting: LHB Adrian Wolf
|
0-0: Sac Bunt to 15 - play at first, batter OUT! 1-4 Marty Castillo to third Rick Cerone to second
|
Batting: RHB Gary Ward
|
0-0: Ball 1-0: Ball 2-0: Called Strike 2-1: SINGLE (Flyball, 6MD, EV 87.5 MPH) Marty Castillo scores Rick Cerone to third Runner from 3rd tries for Home, SAFE, throw by CF to home
|
Batting: RHB Lonnie Smith
|
0-0: Ball 1-0: Foul Ball, location: 2F 1-1: Called Strike 1-2: Ball 2-2: Fly out, F9 (Flyball, 9D, EV 90.6 MPH)
|
Batting: RHB Jim Rice
|
0-0: Ball 1-0: Called Strike 1-1: Foul Ball, location: 2F 1-2: Ball Gary Ward steals 2nd, throwing error, E2 Gary Ward to third 2-2: Foul Ball, location: 2F 2-2: Ball 3-2: Base on Balls
|
Batting: SHB Roy Smalley
|
0-0: Foul Ball, location: 2F 0-1: Foul Ball, location: 2F 0-2: Ground out 4-3 (Groundball, 34D, EV 110.6 MPH)
|
Top of the 2nd over - 2 runs, 1 hit, 1 error, 2 left on base; Chicago 3 - New York 0 |
BOTTOM OF THE 2ND |
New York Mets batting - Pitching for Chicago Cubs : LHP Adrian Wolf
|
Batting: RHB Bill Almon
|
0-0: Ball 1-0: Fly out, F9 (Flyball, 89M, EV 87.5 MPH)
|
Batting: LHB Alamazoo White
|
0-0: Reached on error, E4 (Groundball, 4, EV 93.8 MPH)
|
Batting: RHB Gary Redus
|
0-0: Ball 1-0: Swinging Strike 1-1: Foul Ball, location: 2F 1-2: Strikes out swinging
|
Batting: RHB Jason Sickman
|
0-0: Ball 1-0: Ball 2-0: Called Strike 2-1: Called Strike 2-2: Foul Ball, location: 2F 2-2: Fielders Choice at 2nd, 6-4 (Groundball, 6, EV 88.1 MPH)
|
Bottom of the 2nd over - 0 runs, 0 hits, 1 error, 1 left on base; Chicago 3 - New York 0 |
TOP OF THE 3RD |
Chicago Cubs batting - Pitching for New York Mets : RHP Pete Redfern
|
Batting: LHB Gerald Perry
|
0-0: Ball 1-0: Called Strike 1-1: Ball 2-1: SINGLE (Line Drive, 89S, EV 97.5 MPH)
|
Batting: RHB Randy Ready
|
0-0: Ball 1-0: Fly out, F3 (Popup, 3SF, EV 83.1 MPH)
|
Batting: RHB Marty Castillo
|
0-0: SINGLE (Line Drive, 56, EV 103.8 MPH) Gerald Perry to second Runner from 2nd tries for 3rd, OUT! 7-5
|
Batting: RHB Rick Cerone
|
0-0: Ball Marty Castillo steals 2nd base 1-0: SINGLE (Groundball, 15, EV 89.4 MPH) (infield hit) Marty Castillo to third
|
Batting: LHB Adrian Wolf
|
0-0: Ball 1-0: Called Strike 1-1: Fly out, F8 (Flyball, 8LM, EV 90.0 MPH)
|
Top of the 3rd over - 0 runs, 3 hits, 0 errors, 2 left on base; Chicago 3 - New York 0 |
BOTTOM OF THE 3RD |
New York Mets batting - Pitching for Chicago Cubs : LHP Adrian Wolf
|
Batting: LHB Roy E Johnson
|
0-0: Ball 1-0: Ball 2-0: Called Strike 2-1: Ball 3-1: Base on Balls
|
Batting: RHB Pete Redfern
|
0-0: Ball 1-0: Sac Bunt to 5S - play at first, batter OUT! 5-4 Roy E Johnson to second
|
Batting: RHB Ray Knight
|
0-0: Foul Ball, location: 2F 0-1: Ball 1-1: Called Strike 1-2: Ball 2-2: Ball 3-2: Foul Ball, location: 2F 3-2: Fly out, F8 (Flyball, 78D, EV 100.6 MPH) Runner from 2nd tags up, SAFE at 3rd with throw by CF
|
Batting: LHB Lyman Bostock
|
0-0: Called Strike 0-1: Ball 1-1: Foul Ball, location: 2F 1-2: Ground out U3 (Groundball, 3, EV 86.9 MPH)
|
Bottom of the 3rd over - 0 runs, 0 hits, 0 errors, 1 left on base; Chicago 3 - New York 0 |
TOP OF THE 4TH |
Chicago Cubs batting - Pitching for New York Mets : RHP Pete Redfern
|
Batting: RHB Gary Ward
|
0-0: Ball 1-0: Ball 2-0: Swinging Strike 2-1: Swinging Strike 2-2: Ground out 5-3 (Groundball, 56S, EV 73.8 MPH)
|
Batting: RHB Lonnie Smith
|
0-0: Foul Ball, location: 2F 0-1: Ball 1-1: Called Strike 1-2: Ball 2-2: Ground out 6-3 (Groundball, 4MS, EV 87.5 MPH)
|
Batting: RHB Jim Rice
|
0-0: Fly out, F1 (Line Drive, P, EV 71.3 MPH)
|
Top of the 4th over - 0 runs, 0 hits, 0 errors, 0 left on base; Chicago 3 - New York 0 |
BOTTOM OF THE 4TH |
New York Mets batting - Pitching for Chicago Cubs : LHP Adrian Wolf
|
Batting: RHB Garry Maddox
|
0-0: Called Strike 0-1: SINGLE (Groundball, 6MD, EV 108.8 MPH)
|
Batting: RHB Bill Almon
|
0-0: Called Strike 0-1: Called Strike Garry Maddox steals 2nd base 0-2: Ball 1-2: Ball 2-2: Foul Ball, location: 2F 2-2: Ground out 5-3 (Groundball, 5S, EV 75.0 MPH) Garry Maddox to third
|
Batting: LHB Alamazoo White
|
0-0: Fly out, F4 (Popup, 4MS, EV 69.4 MPH)
|
Batting: RHB Gary Redus
|
0-0: Called Strike 0-1: Called Strike 0-2: Strikes out looking
|
Bottom of the 4th over - 0 runs, 1 hit, 0 errors, 1 left on base; Chicago 3 - New York 0 |
TOP OF THE 5TH |
Chicago Cubs batting - Pitching for New York Mets : RHP Pete Redfern
|
Batting: SHB Roy Smalley
|
0-0: Called Strike 0-1: Ball 1-1: Ball 2-1: Ball 3-1: Base on Balls
|
Batting: LHB Gerald Perry
|
0-0: Called Strike 0-1: Fly out, F8 (Flyball, 8LD, EV 83.8 MPH)
|
Batting: RHB Randy Ready
|
0-0: Ball 1-0: Ball 2-0: Called Strike 2-1: Fly out, F8 (Flyball, 8LXD, EV 83.1 MPH)
|
Batting: RHB Marty Castillo
|
0-0: Called Strike 0-1: Swinging Strike 0-2: Foul Ball, location: 2F 0-2: Ball 1-2: Fly out, F7 (Flyball, 7, EV 77.5 MPH)
|
Top of the 5th over - 0 runs, 0 hits, 0 errors, 1 left on base; Chicago 3 - New York 0 |
BOTTOM OF THE 5TH |
New York Mets batting - Pitching for Chicago Cubs : LHP Adrian Wolf
|
Batting: RHB Jason Sickman
|
0-0: Ball 1-0: Reached on error, E4 (Groundball, 4, EV 82.5 MPH)
|
Batting: LHB Roy E Johnson
|
0-0: Fly out, F8 (Flyball, 8LXD, EV 85.0 MPH)
|
Batting: RHB Pete Redfern
|
0-0: Ball 1-0: Sac Bunt to 2L - play at first, batter OUT! 2-4 Jason Sickman to second
|
Batting: RHB Ray Knight
|
0-0: Ground out 4-3 (Groundball, 4, EV 100.6 MPH)
|
Bottom of the 5th over - 0 runs, 0 hits, 1 error, 1 left on base; Chicago 3 - New York 0 |
TOP OF THE 6TH |
Chicago Cubs batting - Pitching for New York Mets : RHP Pete Redfern
|
Batting: RHB Rick Cerone
|
0-0: Ball 1-0: Ball 2-0: Called Strike 2-1: Foul Ball, location: 2F 2-2: Foul Ball, location: 2F 2-2: Ball 3-2: Base on Balls
|
Batting: LHB Adrian Wolf
|
0-0: Bunt missed! 0-1: Sac Bunt to 15S - play at first, batter OUT! 1-4 Rick Cerone to second
|
Batting: RHB Gary Ward
|
0-0: Ball 1-0: Ground out U3 (Groundball, 34, EV 108.8 MPH) Rick Cerone to third
|
Batting: RHB Lonnie Smith
|
0-0: Called Strike 0-1: Ball 1-1: DOUBLE (Line Drive, 9LS, EV 93.1 MPH) Rick Cerone scores
|
Batting: RHB Jim Rice
|
0-0: Swinging Strike 0-1: Ball 1-1: Ball 2-1: Ground out 4-3 (Groundball, 4M, EV 102.5 MPH)
|
Top of the 6th over - 1 run, 1 hit, 0 errors, 1 left on base; Chicago 4 - New York 0 |
BOTTOM OF THE 6TH |
New York Mets batting - Pitching for Chicago Cubs : LHP Adrian Wolf
|
Batting: LHB Lyman Bostock
|
0-0: Called Strike 0-1: Called Strike 0-2: Foul Ball, location: 2F 0-2: Ball 1-2: Ball 2-2: Foul Ball, location: 2F 2-2: Foul Ball, location: 2F 2-2: Fly out, F8 (Flyball, 8LS, EV 78.1 MPH)
|
Batting: RHB Garry Maddox
|
0-0: Ground out 4-3 (Groundball, 4, EV 76.3 MPH)
|
Batting: RHB Bill Almon
|
0-0: Ball 1-0: Swinging Strike 1-1: Fly out, F9 (Flyball, 9D, EV 100.6 MPH)
|
Bottom of the 6th over - 0 runs, 0 hits, 0 errors, 0 left on base; Chicago 4 - New York 0 |
TOP OF THE 7TH |
Chicago Cubs batting - Pitching for New York Mets : RHP Pete Redfern
|
Batting: SHB Roy Smalley
|
0-0: Called Strike 0-1: Called Strike 0-2: Foul Ball, location: 2F 0-2: Ball 1-2: Strikes out swinging
|
Batting: LHB Gerald Perry
|
0-0: Called Strike 0-1: Ground out U3 (Groundball, 3S, EV 93.8 MPH)
|
Batting: RHB Randy Ready
|
0-0: Ball 1-0: Foul Ball, location: 2F 1-1: Ball 2-1: Ball 3-1: Swinging Strike 3-2: Base on Balls
|
Pitching: RHP Kip Young
|
|
Batting: RHB Marty Castillo
|
0-0: Ball 1-0: Fly out, F9 (Flyball, 9, EV 87.5 MPH)
|
Top of the 7th over - 0 runs, 0 hits, 0 errors, 1 left on base; Chicago 4 - New York 0 |
BOTTOM OF THE 7TH |
New York Mets batting - Pitching for Chicago Cubs : LHP Adrian Wolf
|
Batting: LHB Alamazoo White
|
0-0: Ball 1-0: SINGLE (Groundball, 6MD, EV 100.6 MPH)
|
Batting: RHB Gary Redus
|
0-0: Ball 1-0: Foul Ball, location: 2F 1-1: Foul Ball, location: 2F 1-2: Ball Wild Pitch! Alamazoo White to second 2-2: Foul Ball, location: 2F 2-2: Fly out, F8 (Flyball, 89XD, EV 91.3 MPH) Runner from 2nd tags up, SAFE at 3rd, no throw by CF
|
Batting: RHB Jason Sickman
|
0-0: Swinging Strike 0-1: SINGLE (Groundball, 56D, EV 111.3 MPH) Alamazoo White scores
|
Batting: LHB Roy E Johnson
|
0-0: Fly out, F8 (Flyball, 8RXD, EV 84.4 MPH)
|
Pinch Hitting: LHB John Kruk
|
0-0: Ball 1-0: Called Strike 1-1: Foul Ball, location: 2F 1-2: 2-RUN HOME RUN (Flyball, 89XD, EV 97.5 MPH), Distance : 389 ft
|
Batting: RHB Ray Knight
|
0-0: Swinging Strike 0-1: Ball 1-1: SINGLE (Flyball, 6MD, EV 91.3 MPH)
|
Pinch Hitting: SHB Ken Singleton
|
0-0: Foul Ball, location: 2F 0-1: Foul Ball, location: 2F 0-2: Ball 1-2: Ball 2-2: Foul Ball, location: 2F 2-2: Ball 3-2: DOUBLE (Line Drive, 9LD, EV 103.8 MPH) Ray Knight to third Ray Knight scores
|
Batting: RHB Garry Maddox
|
0-0: Ball 1-0: Ground out 3-1 (Groundball, 34, EV 96.9 MPH)
|
Bottom of the 7th over - 4 runs, 5 hits, 0 errors, 1 left on base; Chicago 4 - New York 4 |
TOP OF THE 8TH |
Chicago Cubs batting - Pitching for New York Mets : RHP Kip Young
|
Pitching: RHP Matt Adams
|
|
Now in CF: John Kruk
|
|
Batting: RHB Rick Cerone
|
0-0: Ball 1-0: Ground out 5-3 (Groundball, 5, EV 86.9 MPH)
|
Batting: LHB Adrian Wolf
|
0-0: Called Strike 0-1: Ground out 6-3 (Groundball, 6, EV 97.5 MPH)
|
Batting: RHB Gary Ward
|
0-0: Called Strike 0-1: Ball 1-1: Ball 2-1: Foul Ball, location: 2F 2-2: Ball 3-2: SINGLE (Groundball, 6MD, EV 100.0 MPH)
|
Batting: RHB Lonnie Smith
|
0-0: Foul Ball, location: 2F 0-1: Ball 1-1: 2-RUN HOME RUN (Flyball, 7LD, EV 101.3 MPH), Distance : 371 ft
|
Batting: RHB Jim Rice
|
0-0: Called Strike 0-1: Foul Ball, location: 2F 0-2: Ball 1-2: Ball 2-2: Foul Ball, location: 2F 2-2: Ball 3-2: Strikes out swinging
|
Top of the 8th over - 2 runs, 2 hits, 0 errors, 0 left on base; Chicago 6 - New York 4 |
BOTTOM OF THE 8TH |
New York Mets batting - Pitching for Chicago Cubs : LHP Adrian Wolf
|
Batting: RHB Bill Almon
|
0-0: Ball 1-0: Ball 2-0: Ball 3-0: Called Strike 3-1: Foul Ball, location: 2F 3-2: Ground out 4-3 (Groundball, 34, EV 81.9 MPH)
|
Batting: LHB Alamazoo White
|
0-0: Foul Ball, location: 2F 0-1: Called Strike 0-2: Ball 1-2: Fly out, F8 (Flyball, 8LXD, EV 98.1 MPH)
|
Batting: RHB Gary Redus
|
0-0: Called Strike 0-1: Foul Ball, location: 2F 0-2: Ball 1-2: Ball 2-2: Strikes out swinging
|
Bottom of the 8th over - 0 runs, 0 hits, 0 errors, 0 left on base; Chicago 6 - New York 4 |
TOP OF THE 9TH |
Chicago Cubs batting - Pitching for New York Mets : RHP Matt Adams
|
Batting: SHB Roy Smalley
|
0-0: Ball 1-0: Ball 2-0: Swinging Strike 2-1: Foul Ball, location: 2F 2-2: Strikes out swinging
|
Batting: LHB Gerald Perry
|
0-0: Ball 1-0: DOUBLE (Line Drive, 9LM, EV 110.0 MPH)
|
Pitching: RHP Andres Barahona
|
|
Batting: RHB Randy Ready
|
0-0: Ball Gerald Perry steals 3rd base 1-0: Ball 2-0: Ball 3-0: Fly out, F8 (Flyball, 8RM, EV 96.9 MPH) Runner from 3rd tags up, SCORES, no throw by CF
|
Batting: RHB Marty Castillo
|
0-0: Ball 1-0: Foul Ball, location: 2F 1-1: Ball 2-1: Ball 3-1: Base on Balls
|
Batting: RHB Rick Cerone
|
0-0: Foul Ball, location: 2F 0-1: Ball 1-1: Swinging Strike 1-2: Strikes out swinging
|
Top of the 9th over - 1 run, 1 hit, 0 errors, 1 left on base; Chicago 7 - New York 4 |
BOTTOM OF THE 9TH |
New York Mets batting - Pitching for Chicago Cubs : LHP Adrian Wolf
|
Batting: RHB Jason Sickman
|
0-0: Ball 1-0: Called Strike 1-1: Ground out 6-3 (Groundball, 6, EV 102.5 MPH)
|
Pitching: LHP Dave Dravecky
|
|
Batting: LHB Roy E Johnson
|
0-0: Ball 1-0: Ball 2-0: Called Strike 2-1: Ball 3-1: Called Strike 3-2: Foul Ball, location: 2F 3-2: Fly out, F7 (Flyball, 7S, EV 82.5 MPH)
|
Batting: LHB John Kruk
|
0-0: Ball 1-0: Ball 2-0: Fly out, F7 (Flyball, 78D, EV 91.3 MPH)
|
Bottom of the 9th over - 0 runs, 0 hits, 0 errors, 0 left on base; Chicago 7 - New York 4 |
|